 Dungeon Crawl Stone Soup version 0.28-a0-706-gf6f64a616a (webtiles) character file.

Game seed: 7757086080463325308

45 Crownlay the Skirmisher (level 3, 0/33 HPs)
             Began as a Hill Orc Fighter on Oct 24, 2021.
             Slain by a gnoll (5 damage)
             ... on level 2 of the Dungeon.
             The game lasted 00:01:02 (1318 turns).

Crownlay the Skirmisher (Hill Orc Fighter)          Turns: 1318, Time: 00:01:03

Health: 0/33       AC:  6    Str: 19    XL:     3   Next: 64%
Magic:  3/3        EV:  9    Int:  8    God:
Gold:   49         SH:  4    Dex: 10    Spells: 2/2 levels left

rFire   . . .      SeeInvis .   a - +0 war axe
rCold   . . .      Faith    .   c - +0 buckler
rNeg    . . .      Spirit   .   b - +0 scale mail
rPois   .          Reflect  .   (no helmet)
rElec   .          Harm     .   (no cloak)
rCorr   .          Rampage  .   (no gloves)
Will    .....                   (no boots)
Stlth   ..........              (no amulet)
HPRegen 0.11/turn               (no ring)
MPRegen 0.08/turn               (no ring)

@: no status effects
A: no striking features
a: no special abilities


You were on level 2 of the Dungeon.
You visited 1 branch of the dungeon, and saw 2 of its levels.

You collected 49 gold pieces.

Inventory:

Hand Weapons
 a - a +0 war axe (weapon)
Armour
 b - a +0 scale mail (worn)
 c - a +0 buckler (worn)
Scrolls
 e - 2 scrolls of teleportation {unknown}
 f - 2 scrolls of identify {unknown}
 g - a scroll of enchant weapon {unknown}
 h - a scroll of enchant armour {unknown}
Potions
 d - a potion of might


   Skills:
 + Level 4.1 Fighting
 * Level 4.1 Axes
 - Level 3.2 Armour
 + Level 3.7 Shields


You had 2 spell levels left.
You didn't know any spells.
Your spell library was empty.

Dungeon Overview and Level Annotations

Branches:
Dungeon (2/15)

Altars:


Message History

The gnoll completely misses you.
You slash the hobgoblin!
You kill the hobgoblin!
You block the bat's attack. The gnoll barely misses you.
The bat hits you but does no damage. The gnoll closely misses you.
You block the gnoll's attack.
You see here a +0 club.
The bat hits you. The bat barely misses you.
The bat hits you but does no damage. The bat barely misses you. x2
There is an escape hatch in the floor here.
You block the bat's attack. The bat misses you. You block the bat's attack.
The bat hits you but does no damage. The bat barely misses you.
The bat hits you. The bat hits you but does no damage.
You block the bat's attack. The bat hits you but does no damage.
The bat hits you but does no damage. The bat barely misses you.
The bat hits you. The bat hits you but does no damage.
You see here a +0 short sword.
You miss the bat. The bat closely misses you.
The bat hits you but does no damage.
You hit the bat but do no damage. The bat hits you but does no damage. x2
You miss the bat. The bat barely misses you.
The bat hits you but does no damage.
You miss the bat. You block the bat's attack. The bat closely misses you.
You miss the bat. The bat barely misses you. The bat closely misses you.
You slash the bat!
You kill the bat!
The giant cockroach completely misses you.
You hit the giant cockroach.
You kill the giant cockroach!
The gnoll hits you from afar with a +0 halberd!
* * * LOW HITPOINT WARNING * * *
The gnoll hits you from afar with a +0 halberd.
You die...

#.<...†..# #.#### #.†.
#..#####.# ####....#####)#.
#..#####.#######.......#...#.#.
#...##............8...8...8.>g..
#......##.###.##....#...#...#.#.
#...## #.# #.##...###.###..#.##
###.. ..# #.###...#...#.(.#..
### #### #.###g8...8...8.####
#.)@g...#...#.(.....
######.###.###......
#...#...#...#### #.8...8...8.#
#...........# ###.......###
#...#.#.# #.....#.# #..#†##.#


You could see 2 gnolls.

Vanquished Creatures
  2 gnolls (D:2)
  A ball python (D:1)
  2 endoplasms (D:1)
  A giant cockroach (D:2)
  5 goblins
  5 hobgoblins
  A kobold (D:1)
  A quokka (D:1)
  A bat (D:2)
  2 frilled lizards (D:1)
  4 rats
25 creatures vanquished.

Vanquished Creatures (others)
  2 demonic plants (D:1)
  A fungus (D:1)
  A withered plant (D:1)
4 creatures vanquished.

Grand Total: 29 creatures vanquished

Notes
Turn   | Place    | Note
-------+----------+-------------------------------------------
     0 | D:1      | Crownlay the Hill Orc Fighter began the quest for the Orb.
     0 | D:1      | Reached XP level 1. HP: 19/19 MP: 1/1
   295 | D:1      | Reached XP level 2. HP: 27/27 MP: 2/2
   322 | D:1      | Found a faded altar of an unknown god.
  1264 | D:2      | Reached XP level 3. HP: 32/33 MP: 3/3
  1318 | D:2      | Slain by a gnoll

Illustrated notes

Levels and vault maps discovered:
D:1:      dpeg_arrival_round_c, layout_loops_corners,
          shapermc_ecumenical_altar_gd, solitary_fountain
D:2:      layout_loops_cross, minmay_misc_feat_four_crosses, minivault_11

Skill      XL: |  1  2  3 |
---------------+----------+-----
Axes           | 3 4 |  4.1
Fighting       | 4 |  4.1
Armour         | |  3.2
Shields        | |  3.7

Action                   || total
-------------------------++-------
Melee: War axe           ||    74
Armor: Scale mail        ||    33
Dodge: Dodged            ||    40
Block: Buckler           ||    17

Table legend: (Time is in decaauts)
 A = Elapsed time spent in this place.
 B = Non-inter-level travel time spent in this place.
 C = Inter-level travel time spent in this place.
 D = Time resting spent in this place.
 E = Time spent auto-exploring this place.
 F = Levels seen in this place.
 G = Mean time per level.
                   A        B        C        D        E       F      G
               +--------+--------+--------+--------+--------+-----+--------+
         Total |   1341 |   1295 |     46 |      0 |   1102 |   2 |  670.5 |
       Dungeon |   1341 |   1295 |     46 |      0 |   1102 |   2 |  670.5 |
               +--------+--------+--------+--------+--------+-----+--------+

Top non-repeatable levels by time:
     D:1: 1212 daAuts
     D:2: 129 daAuts
